 Dungeon Crawl Stone Soup version 0.30-a0-137-gd8773701ce (webtiles) character file.

Game seed: 15389799893416414863

34616 greasedhog the Blocker (level 13, -10/106 HPs)
             Began as a Gnoll Fighter on Sept 21, 2022.
             Was a High Priest of Okawaru.
             Mangled by a sun demon (15 damage)
             ... summoned by an orc high priest
             ... on level 2 of the Orcish Mines.
             The game lasted 00:25:03 (20633 turns).

greasedhog the Blocker (Gnoll Fighter)             Turns: 20633, Time: 00:25:04

Health: -10/106    AC: 23    Str: 22 (23) XL:     13   Next: 78%
Magic:  25/25      EV: 13    Int:  5 (8)  God:    Okawaru [*****.]
Gold:   1584       SH:  0    Dex: 11 (13) Spells: 25/29 levels left

rFire   . . .      SeeInvis .    m - +3 woodcutter's axe {vorpal}
rCold   + . .      Faith    .    (shield currently unavailable)
rNeg    . . .      Spirit   .    J - +2 chain mail {rC+}
rPois   +          Reflect  .    R - +2 hat of Focus {+Blink Stlth+}
rElec   .          Harm     .    G - +0 cloak
rCorr   .          Rampage  .    (no gloves)
Will    .....                    (no boots)
Stlth   +++.......               (no amulet)
HPRegen 0.27/turn                B - ring of poison resistance
MPRegen 0.19/turn                C - ring of the Mantidfly {AC+4 Str+4}

@: heroic
A: fangs 1, strong nose, distributed training
a: Renounce Religion, Evoke Blink, Heroism, Finesse, Duel


You were on level 2 of the Orcish Mines.
You worshipped Okawaru.
Okawaru was extremely pleased with you.
You visited 3 branches of the dungeon, and saw 14 of its levels.
You also visited: Bailey.

You collected 1892 gold pieces.
You spent 308 gold pieces at shops.

Inventory:

Hand Weapons
 m - the +3 woodcutter's axe (weapon) {vorpal}
   (You found it on level 3 of the Dungeon)

   It inflicts extra damage upon your enemies.
 r - the +4 flail of Intimidation {venom, rElec rN++ Str-5 Stlth+}
   (You found it on level 5 of the Dungeon)

   It poisons the flesh of those it strikes.
   Str:       It affects your strength (-5).
   rElec:     It insulates you from electricity.
   rN:        It greatly protects you from negative energy.
   Stlth:     It makes you more stealthy.
 t - a +2 antimagic great mace
 x - a +0 double sword of electrocution
Missiles
 d - 8 curare-tipped darts (quivered)
 E - 2 throwing nets
 L - 2 silver boomerangs
 N - a silver javelin
Armour
 w - a +2 kite shield
 G - a +0 cloak (worn)
 H - a +1 leather armour of fire resistance
 J - a +2 chain mail of cold resistance (worn)
 R - the +2 hat of Focus (worn) {+Blink Stlth+}
   (Okawaru gifted it to you on level 1 of the Orcish Mines)

   +Blink:    It lets you blink.
   Stlth:     It makes you more stealthy.
Jewellery
 B - a ring of poison resistance (left hand)
 C - the ring of the Mantidfly (right hand) {AC+4 Str+4}
   (You found it in a bailey)

   [ring of protection]

   AC:        It affects your AC (+4).
   Str:       It affects your strength (+4).
Wands
 g - a wand of roots (1)
 z - a wand of digging (5)
 I - a wand of mindburst (10)
 O - a wand of paralysis (12)
Scrolls
 a - 3 scrolls of magic mapping
 b - 2 scrolls of fear
 f - 3 scrolls of vulnerability
 i - 6 scrolls of fog
 j - a scroll of enchant weapon
 o - 2 scrolls of blinking
 p - 3 scrolls of enchant armour
 q - a scroll of immolation
 s - a scroll of torment
 M - a scroll of silence
Potions
 e - a potion of heal wounds
 h - 3 potions of invisibility
 k - a potion of resistance
 l - 2 potions of degeneration
 n - 2 potions of brilliance
 A - 3 potions of haste
 F - a potion of flight {unknown}
 P - a potion of mutation {unknown}
 Q - a potion of cancellation {unknown}
 S - a potion of ambrosia
Miscellaneous
 K - a phial of floods


   Skills:
 + Level 11.0(16.0) Fighting
 + Level 8.9(13.9) Short Blades
 + Level 8.9(13.9) Long Blades
 + Level 10.1(15.1) Axes
 + Level 8.9(13.9) Maces & Flails
 + Level 8.9(13.9) Polearms
 + Level 8.9(13.9) Staves
 + Level 8.9(13.9) Ranged Weapons
 + Level 8.9(13.9) Throwing
 + Level 11.0(16.0) Armour
 + Level 8.9(13.9) Dodging
 + Level 8.9(13.9) Stealth
 + Level 11.0(16.0) Shields
 + Level 8.9(13.9) Unarmed Combat
 + Level 8.9 Spellcasting
 + Level 7.4 Conjurations
 + Level 7.4 Hexes
 + Level 7.4 Summonings
 + Level 7.4 Necromancy
 + Level 7.4 Translocations
 + Level 7.4 Transmutations
 + Level 7.4 Fire Magic
 + Level 7.4 Ice Magic
 + Level 7.4 Air Magic
 + Level 7.4 Earth Magic
 + Level 7.4 Poison Magic
 + Level 9.7 Invocations
 + Level 8.9 Evocations


You had 25 spell levels left.
You knew the following spells:

 Your Spells              Type           Power      Damage    Failure   Level
a - Slow                  Hex            36%        N/A       4%          1
b - Confusing Touch       Hex            9%         N/A       14%         3

Your spell library contained the following spells:

 Spells                   Type           Power      Damage    Failure   Level
 Magic Dart               Conj           36%        1d4       4%          1
 Static Discharge         Conj/Air       18%        2-3/arc   7%          2
 Gell's Gravitas          Tloc           9%         N/A       14%         3
 Kindle Blastsparks       Fire/Tloc/Air  18%        2d11      14%         3
 Lesser Beckoning         Tloc           9%         N/A       14%         3
 Mephitic Cloud           Conj/Pois/Air  9%         N/A       14%         3
 Ozocubu's Armour         Ice            9%         N/A       14%         3
 Portal Projectile        Hex/Tloc       18%        N/A       14%         3
 Teleport Other           Tloc           9%         N/A       14%         3
 Vampiric Draining        Necr           9%         2d6       14%         3
 Dispel Undead            Necr           9%         3d8       41%         4
 Fulminant Prism          Conj/Hex       4%         3d6       41%         4
 Iskenderun's Mystic Bla  Conj/Tloc      9%         2d4       41%         4
 Sticky Flame             Conj/Fire      9%         2d3       41%         4
 Blade Hands              Tmut           4%         N/A       77%         5
 Lee's Rapid Deconstruct  Erth           4%         3d6*      77%         5
 Metabolic Englaciation   Hex/Ice        4%         N/A       77%         5
 Ozocubu's Refrigeration  Ice            4%         4d8       100%        7
 Call Imp                 Summ           Unusable   N/A       N/A         2
 Tukima's Dance           Hex            Unusable   N/A       N/A         3
 Simulacrum               Ice/Necr       Unusable   N/A       N/A         6

Dungeon Overview and Level Annotations

Branches:
Dungeon (11/15)            Temple (1/1) D:6            Lair (0/5) D:11
    Orc (2/2) D:9             Elf (0/3) Orc:2        Bailey (visited)

Altars:
Ashenzari
Cheibriados
Dithmenos
Elyvilon
Fedhas
Gozag
Hepliaklqana
Kikubaaqudgha
Makhleb
Nemelex Xobeh
Okawaru
Qazlal
Ru
Sif Muna
Trog
Uskayaw
Vehumet
Wu Jian
Xom
Yredelemnul
Zin
The Shining One

Shops:
Orc:2 !:

Portals:
Trove: D:10 (give +4 fire dragon scales)


Innate Abilities, Weirdness & Mutations

You have very sharp teeth.
Your uncanny sense of smell can sniff out nearby items.
Your experience applies equally to all skills.


Message History

The orc closely misses you.
The orc priest hits you but does no damage.
You feel your strength returning.
You slice the orc priest!!
You kill the orc priest!
Okawaru accepts your kill.
You slash the orc!
You kill the orc!
Okawaru accepts your kill.
The orc priest invokes the aid of Beogh against you.
Pain shoots through your body! The sixfirhy closely misses you.
The sixfirhy hits you but does no damage. x2
The orc priest hits you but does no damage.
The sixfirhy hits you but does no damage.
Things that are here:
a +0 club; a +0 mace; an orc corpse You slash the orc priest!
You kill the orc priest!
Okawaru accepts your kill.
You slash the sixfirhy! You closely miss the sun demon.
The sun demon hits you but does no damage.
The hellwing swoops through the air toward you!
The hellwing hits you but does no damage.
The hellwing misses you. The sixfirhy attacks as you move away!
The sixfirhy hits you but does no damage.
The hellwing attacks as you move away! The hellwing barely misses you.
The hellwing hits you but does no damage.
The sun demon hits you!
You are engulfed in flames!
* * * LOW HITPOINT WARNING * * *
The orc high priest barely misses you.
Things that are here:
a +0 whip; a +0 leather armour You hit the orc high priest.
The orc high priest is lightly wounded.
You slash the hellwing! You closely miss the sun demon. The sun demon hits you!
* * * LOW HITPOINT WARNING * * *
You are engulfed in flames!
You die...

###########รท######### #####
#####.........### ##...##
###..)....8.8......
##.....####..)[..............
#.......##......##.......##..
........).....###.....[...###
....8..))...###.4...8.8.....#
.......).)###...33)).........
#......)####...o@().........^
##.....## #....[[[.#...#.....
##...## #........##8.8##....
##### #......####.....####.
.....## ......# ....#
........# .... .8._.8..# o..


You could see an orc high priest, a sun demon (summoned), a hellwing (summoned)
and a sixfirhy (summoned).

Vanquished Creatures
  2 orc warlords (Orc:2)
  A vault guard (D:10)
  11 two-headed ogres
  The ghost of jejorda2 the Martial Artist, a journeyman TeMo of Okawaru (D:10)
  A tengu warrior (D:10)
  An orc high priest (Orc:2)
  5 orc knights
  An ugly thing (D:11)
  4 orc sorcerers
  Pikel (D:9)
  A cyclops (Orc:2)
  A moth of wrath (D:10)
  Maggie (D:7)
  10 trolls
  Grinder (D:6)
  A hornet (D:9)
  3 slime creatures (D:11)
  Sigmund (D:6)
  21 yaks
  A wyvern (D:9)
  2 vampires
  3 wraiths
  Grum (D:9)
  A vampire mosquito (D:5)
  5 wargs
  2 acid dragons (D:11)
  Menkaure (D:4)
  2 water moccasins
  5 black bears
  41 orc warriors
  A sky beast (D:7)
  9 ogres
  3 wolves (D:9)
  7 centaurs
  2 lemures (D:9)
  10 kobold brigands
  Blork the orc (D:6)
  3 bullfrogs
  2 gnoll sergeants
  4 scorpions
  A necrophage (D:6)
  13 wights
  4 killer bees (D:10)
  3 howler monkeys (D:9)
  8 hounds
  2 jellies (D:6)
  19 orc priests
  2 gnoll boudas
  3 iguanas
  14 orc wizards
  9 adders
  23 gnolls
  2 shadow imps
  A white imp (D:6)
  An ufetubus (D:5)
  3 worms
  5 dart slugs
  77 orcs
  4 endoplasms
  9 giant cockroaches
  4 goblins
  5 hobgoblins
  8 jackals (D:1)
  23 kobolds
  4 quokkas
  8 ball pythons
  3 bats
  6 frilled lizards
  6 rats
444 creatures vanquished.

Vanquished Creatures (others)
  13 fungi (D:11)
  27 plants
40 creatures vanquished.

Grand Total: 484 creatures vanquished

Notes
Turn   | Place    | Note
-------+----------+-------------------------------------------
     0 | D:1      | greasedhog the Gnoll Fighter began the quest for the Orb.
     0 | D:1      | Reached XP level 1. HP: 23/23 MP: 1/1
    41 | D:1      | Reached XP level 2. HP: 17/29 MP: 2/2
   326 | D:1      | Reached XP level 3. HP: 35/35 MP: 3/3
   514 | D:1      | Reached skill level 1 in Invocations
   676 | D:1      | Reached skill level 1 in Short Blades
   676 | D:1      | Reached skill level 1 in Long Blades
   676 | D:1      | Reached skill level 1 in Maces & Flails
   676 | D:1      | Reached skill level 1 in Polearms
   676 | D:1      | Reached skill level 1 in Staves
   676 | D:1      | Reached skill level 1 in Ranged Weapons
   676 | D:1      | Reached skill level 1 in Throwing
   676 | D:1      | Reached skill level 1 in Dodging
   676 | D:1      | Reached skill level 1 in Stealth
   676 | D:1      | Reached skill level 1 in Unarmed Combat
   676 | D:1      | Reached skill level 1 in Spellcasting
   676 | D:1      | Reached skill level 1 in Evocations
   871 | D:2      | Reached XP level 4. HP: 41/41 MP: 5/5
  1121 | D:2      | Reached skill level 1 in Conjurations
  1121 | D:2      | Reached skill level 1 in Hexes
  1121 | D:2      | Reached skill level 1 in Summonings
  1121 | D:2      | Reached skill level 1 in Necromancy
  1121 | D:2      | Reached skill level 1 in Translocations
  1121 | D:2      | Reached skill level 1 in Transmutations
  1121 | D:2      | Reached skill level 1 in Fire Magic
  1121 | D:2      | Reached skill level 1 in Ice Magic
  1121 | D:2      | Reached skill level 1 in Air Magic
  1121 | D:2      | Reached skill level 1 in Earth Magic
  1121 | D:2      | Reached skill level 1 in Poison Magic
  1701 | D:3      | Reached XP level 5. HP: 43/47 MP: 7/7
  1740 | D:3      | Found the +3 woodcutter's axe {vorpal}
  2324 | D:3      | Reached XP level 6. HP: 53/53 MP: 8/8
  2497 | D:4      | Noticed Menkaure
  2499 | D:4      | Killed Menkaure
  2500 | D:4      | Reached skill level 5 in Axes
  3030 | D:5      | Entered Level 5 of the Dungeon
  3045 | D:5      | Reached XP level 7. HP: 46/60 MP: 10/10
  3225 | D:5      | Identified the +4 flail of Intimidation {venom, rElec rN++
                  | Str-5 Stlth+}
  3237 | D:5      | Found a radiant altar of Vehumet.
  4133 | D:5      | Reached XP level 8. HP: 67/67 MP: 12/12
  4160 | D:5      | Noticed a two-headed ogre
  4178 | D:5      | HP: 2/67 [two-headed ogre/+0 giant spiked club (9)]
  4179 | D:5      | Killed a two-headed ogre
  4180 | D:5      | Reached XP level 9. HP: 2/73 MP: 15/15
  4734 | D:6      | Noticed Sigmund
  4756 | D:6      | Killed Sigmund
  4864 | D:6      | Noticed Blork the orc
  4870 | D:6      | Killed Blork the orc
  4915 | D:6      | Found a snail-covered altar of Cheibriados.
  5476 | D:5      | Reached skill level 5 in Invocations
  6113 | D:6      | Found a blossoming altar of Fedhas.
  6136 | D:6      | Found a staircase to the Ecumenical Temple.
  6632 | D:6      | Noticed Grinder
  6632 | D:6      | Paralysed by Grinder for 3 turns
  6639 | D:6      | Killed Grinder
  6640 | D:6      | Reached skill level 5 in Short Blades
  6640 | D:6      | Reached skill level 5 in Long Blades
  6640 | D:6      | Reached skill level 5 in Maces & Flails
  6640 | D:6      | Reached skill level 5 in Polearms
  6640 | D:6      | Reached skill level 5 in Staves
  6640 | D:6      | Reached skill level 5 in Ranged Weapons
  6640 | D:6      | Reached skill level 5 in Throwing
  6640 | D:6      | Reached skill level 5 in Dodging
  6640 | D:6      | Reached skill level 5 in Stealth
  6640 | D:6      | Reached skill level 5 in Unarmed Combat
  6640 | D:6      | Reached skill level 5 in Spellcasting
  6640 | D:6      | Reached skill level 5 in Evocations
  6640 | D:6      | Reached XP level 10. HP: 71/81 MP: 17/17
  6725 | Temple   | Entered the Ecumenical Temple
  6777 | Temple   | Became a worshipper of Warmaster Okawaru
  7431 | D:7      | Noticed Maggie
  7439 | D:7      | Killed Maggie
  7439 | D:7      | Reached * piety under Okawaru
  8159 | D:8      | Found a flagged portal.
  8173 | Bailey   | Entered a bailey
  8194 | Bailey   | Noticed an orc knight
  8206 | Bailey   | Killed an orc knight
  8206 | Bailey   | Reached ** piety under Okawaru
  8339 | Bailey   | Noticed an orc knight
  8359 | Bailey   | Killed an orc knight
  8653 | Bailey   | Found a burning altar of Makhleb.
  8668 | Bailey   | Identified the ring of the Mantidfly {AC+4 Str+4}
  8859 | D:8      | Noticed a two-headed ogre
  8865 | D:8      | Killed a two-headed ogre
  8865 | D:8      | Reached *** piety under Okawaru
  8866 | D:8      | Reached skill level 5 in Conjurations
  8866 | D:8      | Reached skill level 5 in Hexes
  8866 | D:8      | Reached skill level 5 in Summonings
  8866 | D:8      | Reached skill level 5 in Necromancy
  8866 | D:8      | Reached skill level 5 in Translocations
  8866 | D:8      | Reached skill level 5 in Transmutations
  8866 | D:8      | Reached skill level 5 in Fire Magic
  8866 | D:8      | Reached skill level 5 in Ice Magic
  8866 | D:8      | Reached skill level 5 in Air Magic
  8866 | D:8      | Reached skill level 5 in Earth Magic
  8866 | D:8      | Reached skill level 5 in Poison Magic
  8866 | D:8      | Reached XP level 11. HP: 64/89 MP: 18/20
  9804 | D:9      | Received a gift from Okawaru
  9810 | D:9      | Learned a level 1 spell: Slow
  9814 | D:9      | Learned a level 3 spell: Confusing Touch
 10038 | D:9      | Noticed a two-headed ogre
 10038 | D:9      | Noticed Pikel
 10049 | D:9      | Killed Pikel
 10049 | D:9      | Received a gift from Okawaru
 10055 | D:9      | Killed a two-headed ogre
 10490 | D:9      | Noticed a two-headed ogre
 10491 | D:9      | Noticed Grum
 10497 | D:9      | Killed a two-headed ogre
 10497 | D:9      | Reached **** piety under Okawaru
 10510 | D:9      | Killed Grum
 11433 | D:9      | Found a staircase to the Orcish Mines.
 11433 | D:9      | Noticed a two-headed ogre
 11441 | D:9      | Killed a two-headed ogre
 11873 | D:10     | Entered Level 10 of the Dungeon
 11880 | D:10     | Reached ***** piety under Okawaru
 11980 | D:10     | Reached XP level 12. HP: 97/97 MP: 22/22
 12442 | D:10     | Found a transporter.
 12590 | D:10     | Received a gift from Okawaru
 12774 | D:10     | Found a transporter.
 12779 | D:10     | Noticed a tengu warrior
 12786 | D:10     | Noticed jejorda2's ghost (journeyman TeMo)
 12787 | D:10     | Found a bloodstained altar of Trog.
 12793 | D:10     | Noticed a two-headed ogre
 12884 | D:10     | Noticed a vault guard
 12896 | D:10     | Killed a vault guard
 12992 | D:10     | Found a portal to a secret trove of treasure.
 13135 | D:10     | Reached skill level 10 in Fighting
 13135 | D:10     | Reached skill level 10 in Armour
 13135 | D:10     | Reached skill level 10 in Shields
 13152 | D:10     | Killed jejorda2's ghost
 13556 | D:10     | Killed a two-headed ogre
 13576 | D:10     | Killed a tengu warrior
 13929 | D:11     | Noticed a two-headed ogre
 14312 | D:11     | Received a gift from Okawaru
 14449 | D:11     | Killed a two-headed ogre
 14452 | D:11     | Reached ****** piety under Okawaru
 14807 | D:11     | Found a staircase to the Lair.
 15466 | Orc:1    | Entered Level 1 of the Orcish Mines
 15711 | Orc:1    | Noticed a two-headed ogre
 15722 | Orc:1    | Killed a two-headed ogre
 15722 | Orc:1    | Identified the +2 hat of Focus {+Blink Stlth+} (Okawaru
                  | gifted it to you on level 1 of the Orcish Mines)
 15722 | Orc:1    | Received a gift from Okawaru
 15723 | Orc:1    | Reached XP level 13. HP: 44/104 MP: 25/25
 16220 | Orc:2    | Entered Level 2 of the Orcish Mines
 17830 | Orc:2    | Found Nufinoab's Distillery.
 18215 | Orc:2    | Bought a potion of brilliance for 56 gold pieces
 18215 | Orc:2    | Bought a potion of heal wounds for 70 gold pieces
 18215 | Orc:2    | Bought a potion of ambrosia for 112 gold pieces
 18215 | Orc:2    | Bought a potion of heal wounds for 70 gold pieces
 18222 | Orc:2    | Found Zemum's Book Shop.
 18624 | Orc:2    | Noticed an orc warlord
 18636 | Orc:2    | Killed an orc warlord
 19065 | Orc:2    | Found a staircase to the Elven Halls.
 19111 | Orc:2    | Paralysed by an orc sorcerer for 2 turns
 19467 | Orc:2    | Identified the +5 helmet of Inquiry {-Tele Will+ Dex+5}
 19539 | Orc:2    | Reached skill level 10 in Axes
 19900 | Orc:2    | Noticed an orc warlord
 20628 | Orc:2    | Killed an orc warlord
 20633 | Orc:2    | HP: 5/106 [sun demon[an orc high priest] (17)]
 20633 | Orc:2    | Mangled by a sun demon

Illustrated notes

Levels and vault maps discovered:
D:1:      ncdulo_halloftheorcs, layout_rooms, minmay_worlds_worst_comb
D:2:      layout_rooms
D:3:      layout_rooms, chequers_serial_rivers_micro_d,
          pf_guarded_unrand_woodcutter
D:4:      layout_basic, uniq_menkaure
D:5:      nicolae_cairo_tiling_very_big, layout_basic, lemuel_doored_altar,
          minmay_divided_ellipse
D:6:      layout_rooms, mainiacjoe_overflow_alcove_1,
          mainiacjoe_overflow_24_doors, minmay_temple_entry_overgrown,
          minivault_11, uniq_grinder, uniq_sigmund, uniq_blork_the_orc
D:7:      layout_basic, corexii_corridor_pit, uniq_maggie
D:8:      layout_cave_pods, enter_bailey_2
D:9:      minmay_recursive_quarters, layout_stronghold, orc_0_dummy, uniq_grum,
          uniq_pikel
D:10:     layout_long_grid, gammafunk_ghost_wrathful_warriors, enter_trove_5
D:11:     layout_basic, grunt_lair_entry_orc_guard_hut
Temple:   hellmonk_temple_of_storms
Orc:1:    minmay_goldmine, layout_caves, ebering_ghost_inner_flame
Orc:2:    pubby_orc_utopia

Skill      XL: |  1  2  3  4  5  6  7  8  9 10 11 12 13 |
---------------+----------------------------------------+-----
Invocations    | 1 2 3 4 5 6 7 8 9 |  9.7
Short Blades   | 1 2 3 4 5 6 7 8 |  8.9
Long Blades    | 1 2 3 4 5 6 7 8 |  8.9
Maces & Flails | 1 2 3 4 5 6 7 8 |  8.9
Polearms       | 1 2 3 4 5 6 7 8 |  8.9
Staves         | 1 2 3 4 5 6 7 8 |  8.9
Ranged Weapons | 1 2 3 4 5 6 7 8 |  8.9
Throwing       | 1 2 3 4 5 6 7 8 |  8.9
Dodging        | 1 2 3 4 5 6 7 8 |  8.9
Stealth        | 1 2 3 4 5 6 7 8 |  8.9
Unarmed Combat | 1 2 3 4 5 6 7 8 |  8.9
Spellcasting   | 1 2 3 4 5 6 7 8 |  8.9
Evocations     | 1 2 3 4 5 6 7 8 |  8.9
Conjurations   | 1 2 3 4 5 6 7 |  7.4
Hexes          | 1 2 3 4 5 6 7 |  7.4
Summonings     | 1 2 3 4 5 6 7 |  7.4
Necromancy     | 1 2 3 4 5 6 7 |  7.4
Translocations | 1 2 3 4 5 6 7 |  7.4
Transmutations | 1 2 3 4 5 6 7 |  7.4
Fire Magic     | 1 2 3 4 5 6 7 |  7.4
Ice Magic      | 1 2 3 4 5 6 7 |  7.4
Air Magic      | 1 2 3 4 5 6 7 |  7.4
Earth Magic    | 1 2 3 4 5 6 7 |  7.4
Poison Magic   | 1 2 3 4 5 6 7 |  7.4
Axes           | 5 6 7 8 9 10 | 10.1
Fighting       | 7 8 9 10 11 | 11.0
Armour         | 7 8 9 10 11 | 11.0
Shields        | 7 8 9 10 11 | 11.0

Action                   |  1- 3 |  4- 6 |  7- 9 | 10-12 | 13-15 || total
-------------------------+-------+-------+-------+-------+-------++-------
Melee: War axe           |    79 |    83 |       |       |       ||   162
       Bite              |     4 |    15 |    21 |    68 |    39 ||   147
       Battleaxe         |       |    38 |   212 |   502 |   304 ||  1056
Throw: Dart              |       |       |       |     7 |     3 ||    10
 Cast: Confusing Touch   |       |       |       |     1 |       ||     1
Invok: Heroism           |       |       |       |     2 |     8 ||    10
       Finesse           |       |       |       |     1 |       ||     1
  Use: Scroll            |     3 |     4 |     4 |     6 |     2 ||    19
       Potion            |       |     1 |     2 |     8 |     4 ||    15
 Stab: Sleeping          |       |       |       |     3 |    13 ||    16
       Distracted        |       |       |       |     1 |       ||     1
       Confused          |       |       |       |     1 |       ||     1
       Invisible         |       |       |       |     3 |       ||     3
Armor: Scale mail        |    44 |    28 |       |   252 |    86 ||   410
       Plate armour      |       |    13 |   158 |    16 |       ||   187
       Swamp dragon scal |       |       |       |    19 |       ||    19
       Chain mail        |       |       |       |       |    50 ||    50
Dodge: Dodged            |    42 |    52 |    98 |   374 |   201 ||   767
Block: Buckler           |    29 |    32 |       |       |       ||    61

Table legend: (Time is in decaauts)
 A = Elapsed time spent in this place.
 B = Non-inter-level travel time spent in this place.
 C = Inter-level travel time spent in this place.
 D = Time resting spent in this place.
 E = Time spent auto-exploring this place.
 F = Levels seen in this place.
 G = Mean time per level.
                   A        B        C        D        E       F      G
               +--------+--------+--------+--------+--------+-----+--------+
         Total |  20681 |  20120 |    561 |   5464 |  11856 |  15 | 1378.7 |
       Dungeon |  14859 |  14349 |    510 |   2980 |   9390 |  11 | 1350.8 |
        Temple |     70 |     33 |     37 |      0 |     18 |   1 |   70.0 |
  Orcish Mines |   5179 |   5165 |     14 |   2207 |   2267 |   2 | 2589.5 |
        Bailey |    572 |    572 |      0 |    277 |    180 |   1 |  572.0 |
               +--------+--------+--------+--------+--------+-----+--------+

Top non-repeatable levels by time:
   Orc:2: 3521 daAuts
     D:5: 2509 daAuts
     D:9: 2106 daAuts
    D:10: 1877 daAuts
    D:11: 1696 daAuts
   Orc:1: 1657 daAuts
     D:6: 1216 daAuts
     D:7: 1213 daAuts
     D:8: 1159 daAuts
     D:3: 932 daAuts
     D:1: 875 daAuts
     D:2: 720 daAuts
  Bailey: 572 daAuts
     D:4: 550 daAuts
  Temple: 70 daAuts
